 Dungeon Crawl Stone Soup version 0.16-a0-3880-g9314259 (webtiles) character file.

21945 abixa the Bludgeoner (level 12, 122/128 HPs)
             Began as an Ogre Hunter on Feb 1, 2015.
             Was a High Priest of Okawaru.
             Quit the game on level 3 of the Lair of Beasts.
             The game lasted 01:35:23 (20706 turns).

abixa the Bludgeoner (Ogre Hunter)                 Turns: 20706, Time: 01:35:23

Health: 122/128    AC:  6    Str: 20    XL:     12   Next: 95%
Magic:  24/24      EV: 17    Int: 10    God:    Okawaru [*****.]
Gold:   736        SH:  0    Dex: 17    Spells: 0 memorised, 11 levels left

rFire  . . .     SeeInvis .     a - +0 giant spiked club
rCold  + . .     Clarity  .     K - +2 robe {rC+}
rNeg   + . .     SustAb   .     (shield restricted)
rPois  .         Gourm    .     U - +0 hat
rElec  .         Spirit   .     r - +0 cloak
rCorr  .         Warding  .     (gloves unavailable)
rMut   .         Stasis   .     (boots unavailable)
MR     +....                    (no amulet)
Stlth  ++........               d - +3 ring of dexterity
                                P - ring of positive energy

@: drained, somewhat resistant to hostile enchantments, unstealthy
A: unfitting armour, tough skin 1
a: Heroism, Finesse, Renounce Religion


You were on level 3 of the Lair of Beasts.
You worshipped Okawaru.
Okawaru was extremely pleased with you.
You were very hungry.

You visited 4 branches of the dungeon, and saw 16 of its levels.

You collected 1435 gold pieces.
You spent 699 gold pieces at shops.

Inventory:

Hand weapons
 a - a +0 giant spiked club (weapon)
 b - a +0 blowgun
 o - a +0 trident of venom
 O - the +6 long sword "Utabaroi" {venom, -Tele rPois+ Int+2}
   (You found it on level 6 of the Dungeon)

   It poisons the flesh of those it strikes.
   It affects your intelligence (+2).
   It protects you from poison.
   It prevents most forms of teleportation.
Missiles
 c - 5 throwing nets
 g - 2 needles of confusion
 h - 6 needles of sleeping
 l - 352 stones
 m - a tomahawk of returning
 p - 6 tomahawks (quivered)
 s - 44 poisoned needles
 t - 3 poisoned tomahawks
 Q - 4 needles of paralysis
 T - 3 large rocks
Armour
 r - a +0 cloak (worn)
 K - a +2 robe of cold resistance (worn)
 N - a +2 robe of magic resistance
 U - a +0 hat (worn)
Jewellery
 d - a +3 ring of dexterity (right hand)
 C - an uncursed ring of ice
 P - a ring of positive energy (left hand)
Magical devices
 f - a wand of flame (15)
 k - a wand of teleportation (3)
 G - a wand of confusion (14)
 V - a wand of enslavement (14)
 W - a wand of polymorph (12)
Scrolls
 e - 2 scrolls of fear
 u - 2 scrolls of fog
 x - 5 scrolls of remove curse
 y - 4 scrolls of magic mapping
 B - a scroll of blinking
Potions
 n - 2 potions of curing
 v - 3 potions of agility
 w - a potion of flight
 F - 3 potions of heal wounds
Comestibles
 q - 9 bread rations


   Skills:
 - Level 10.6(10.1) Fighting
 - Level 15.6(15.0) Maces & Flails
 - Level 6.4(5.9) Throwing
 - Level 11.2(10.6) Dodging
 - Level 0.7(0.3) Stealth
 + Level 8.8(8.3) Invocations


You had 11 spell levels left.
You didn't know any spells.

Dungeon Overview and Level Annotations

Branches:
Dungeon (9/15)             Temple (1/1) D:7            Lair (3/8) D:8
    Orc (3/4) D:9
  Swamp: Lair:3-6    Shoals: Lair:3-6     Snake: Lair:3-6    Spider: Lair:3-6
    Elf: Orc:3-4

Altars:
Ashenzari
Cheibriados
Dithmenos
Elyvilon
Fedhas
Gozag
Kikubaaqudgha
Makhleb
Nemelex Xobeh
Okawaru
Qazlal
Ru
Sif Muna
Trog
Vehumet
Xom
Yredelemnul
Zin
The Shining One
Beogh

Shops:
D:7 }   D:9 %*(}!

Annotations:
Orc:1 statis/apport for 250 gold
Orc:2 zkyp's ghost, powerful CeFi


Innate Abilities, Weirdness & Mutations

You are too large for most types of armour.
You have tough skin (AC +1).


Message History

You feel extremely sick. The spiny frog misses you.
You impale the spiny frog!!
You kill the spiny frog!
Okawaru accepts your kill.
* * * LOW HITPOINT WARNING * * *
You feel very sick.
Read which item? (? for menu, Esc to quit)
Okay, then.
Drink which item? (? for menu, Esc to quit)
You feel better.
You start resting.
You are feeling hungry.
An electric eel comes into view.
An electric eel is nearby!
You start resting.
You start resting.
You are feeling very hungry.
You start resting.
Are you sure you want to abandon this character and quit the game? (Confirm with "yes".)

##......# ##.......#
#.......# #.......#
#.[....# . ##..<...##
..> ###........# ###...;
............####.#.#..≈
.............@.........
........................
................(((....
......................
....................
...................
..............####
........##PP#.#
......########


There were no monsters in sight!

Vanquished Creatures
  Snorg (Orc:1)
  Fannar (Lair:1)
  2 hydras (Lair:1)
  An ugly thing (D:8)
  14 elephants (Lair:1)
  4 spiny frogs
  3 komodo dragons
  A fire drake (D:8)
  A two-headed ogre (Orc:2)
  Grinder (D:6)
  A hungry ghost (D:8)
  6 vampire mosquitoes (Lair:1)
  A spriggan (D:8)
  15 yaks
  2 wyverns
  2 hippogriffs
  A steam dragon (D:8)
  5 water moccasins
  3 insubstantial wisps
  Menkaure (D:5)
  6 sky beasts
  A warg (Orc:3)
  4 porcupines
  2 phantoms
  7 ogres
  8 orc warriors
  2 ice beasts
  A swamp drake (Lair:1)
  2 centaurs
  2 black bears
  3 crocodiles (Lair:2)
  Duvessa (D:4)
  5 giant frogs
  Blork the orc (D:4)
  A wyvern zombie (D:9)
  6 killer bees (D:9)
  5 scorpions
  5 wights (D:6)
  The ghost of timbw the Caller, a weakling DgSu (D:6)
  3 goliath beetles (D:6)
  Dowan (D:4)
  2 crimson imps
  13 orc priests
  6 hounds
  9 iguanas
  A centaur skeleton (D:3)
  15 orc wizards
  2 giant frog skeletons
  4 jellies
  8 worker ants
  A sheep (Lair:2)
  2 hound skeletons
  A mummy (D:9)
  6 adders
  A worker ant zombie (D:7)
  8 gnolls
  A shadow imp (D:8)
  12 river rats
  A giant mite (D:2)
  2 worms
  2 adder skeletons
  4 giant geckos
  An ooze (D:3)
  108 orcs
  A bat skeleton (D:4)
  A bat zombie (D:7)
  2 giant cockroaches
  15 hobgoblins
  16 jackals
  9 kobolds
  8 quokkas
  A ball python (D:3)
  A ball python skeleton (D:4)
  13 bats
  A giant newt (D:1)
  19 goblins
  2 quokka skeletons
  A quokka zombie (D:8)
  17 rats
  A fungus (Lair:2)
  A plant (Lair:1)
452 creatures vanquished.

Vanquished Creatures (others)
  A jackal (D:2)
  43 fungi (Lair:1)
  35 plants
79 creatures vanquished.

Grand Total: 531 creatures vanquished

Notes
Turn   | Place    | Note
--------------------------------------------------------------
     0 | D:1      | abixa, the Ogre Hunter, began the quest for the Orb.
     0 | D:1      | Reached XP level 1. HP: 22/22 MP: 1/1
   224 | D:1      | Reached skill level 1 in Maces & Flails
   476 | D:1      | Reached XP level 2. HP: 31/31 MP: 2/2
   710 | D:2      | Found a blossoming altar of Fedhas.
   941 | D:2      | Reached XP level 3. HP: 25/37 MP: 3/3
  1230 | D:2      | Found a snail-covered altar of Cheibriados.
  1384 | D:2      | Found a stormy altar of Qazlal.
  1537 | D:3      | Found a basalt altar of Yredelemnul.
  1673 | D:3      | Reached XP level 4. HP: 37/45 MP: 4/4
  1726 | D:3      | Noticed a phantom
  1729 | D:3      | Killed a phantom
  1729 | D:3      | Reached skill level 6 in Maces & Flails
  1729 | D:3      | Reached XP level 5. HP: 53/53 MP: 5/5
  2789 | D:4      | Noticed a phantom
  2837 | D:4      | Killed a phantom
  2837 | D:4      | Reached skill level 7 in Maces & Flails
  2837 | D:4      | Reached XP level 6. HP: 39/62 MP: 6/6
  3312 | D:4      | Noticed Blork the orc
  3707 | D:4      | Noticed Duvessa
  3709 | D:4      | Noticed Dowan
  3737 | D:4      | Killed Duvessa
  3751 | D:4      | Killed Dowan
  3751 | D:4      | Reached skill level 5 in Fighting
  3751 | D:4      | Reached XP level 7. HP: 29/72 MP: 7/7
  4084 | D:4      | Killed Blork the orc
  4084 | D:4      | Reached skill level 8 in Maces & Flails
  4292 | D:5      | Entered Level 5 of the Dungeon
  4767 | D:5      | Noticed Menkaure
  4796 | D:5      | Killed Menkaure
  5171 | D:5      | Identified the Handbook of Battle Magic and Stones
  5287 | D:5      | Reached skill level 9 in Maces & Flails
  5402 | D:5      | Reached XP level 8. HP: 82/84 MP: 8/8
  5818 | D:6      | Noticed Grinder
  5822 | D:6      | Killed Grinder
  6062 | D:6      | Reached skill level 10 in Maces & Flails
  6213 | D:6      | Found a burning altar of Makhleb.
  6213 | D:6      | Noticed a blizzard demon
  6436 | D:6      | Noticed timbw's ghost (weakling DgSu)
  6443 | D:6      | Killed timbw's ghost
  6814 | D:7      | Found Treasofe's Gadget Boutique.
  6888 | D:7      | Found a staircase to the Ecumenical Temple.
  6897 | Temple   | Entered the Ecumenical Temple
  6919 | Temple   | Became a worshipper of Warmaster Okawaru
  7009 | D:7      | Reached XP level 9. HP: 98/98 MP: 9/9
  7032 | D:6      | Reached skill level 11 in Maces & Flails
  7355 | D:6      | Found an ancient bone altar of Kikubaaqudgha.
  7419 | D:6      | Reached skill level 5 in Throwing
  7686 | D:6      | Got a polished long sword
  8068 | D:7      | Acquired Okawaru's first power
  8288 | D:7      | Reached skill level 12 in Maces & Flails
  8682 | D:7      | Found a shadowy altar of Dithmenos.
  8691 | D:7      | Reached skill level 10 in Fighting
  9134 | D:8      | Noticed a fire drake
  9138 | D:8      | Killed a fire drake
  9138 | D:8      | Reached XP level 10. HP: 109/111 MP: 10/10
  9193 | D:8      | Found a staircase to the Lair.
  9529 | D:8      | Reached skill level 13 in Maces & Flails
  9732 | D:8      | Noticed a purple ugly thing
  9776 | Lair:1   | Entered Level 1 of the Lair of Beasts
  9789 | Lair:1   | Noticed an elephant
  9804 | Lair:1   | Killed an elephant
  9818 | Lair:1   | Noticed an elephant
  9843 | Lair:1   | Reached skill level 1 in Invocations
  9946 | Lair:1   | Reached skill level 5 in Dodging
 10260 | Lair:1   | Noticed Fannar
 10279 | Lair:1   | Killed Fannar
 10334 | Lair:1   | Received a gift from Okawaru
 10344 | Lair:1   | Reached XP level 11. HP: 22/119 MP: 13/13
 10483 | Lair:1   | Noticed an elephant
 10681 | Lair:1   | Noticed an elephant
 10702 | Lair:1   | Killed an elephant
 10711 | Lair:1   | Noticed an elephant
 10714 | Lair:1   | Killed an elephant
 10718 | Lair:1   | Noticed an elephant
 10734 | Lair:1   | Noticed an elephant
 10734 | Lair:1   | Identified the +6 long sword "Utabaroi" {venom, -Tele rPois+ Int+2} (You found it on level 6 of the Dungeon)
 11085 | Lair:1   | Killed an elephant
 11260 | Lair:1   | Noticed an elephant
 11282 | Lair:1   | Killed an elephant
 11552 | Lair:1   | Noticed an elephant
 11566 | Lair:1   | Noticed an elephant
 11566 | Lair:1   | Killed an elephant
 11584 | Lair:1   | Killed an elephant
 11871 | Lair:1   | Reached skill level 10 in Dodging
 11904 | Lair:1   | Noticed a six-headed hydra
 11992 | Lair:1   | Noticed an elephant
 12004 | Lair:1   | Killed an elephant
 12009 | Lair:1   | Killed an elephant
 12009 | Lair:1   | Acquired Okawaru's second power
 12111 | Lair:1   | Killed a six-headed hydra
 12319 | Lair:1   | Killed an elephant
 12586 | Lair:1   | Noticed an elephant
 12589 | Lair:1   | Noticed an elephant
 12622 | Lair:1   | Killed an elephant
 12629 | Lair:1   | Killed an elephant
 12629 | Lair:1   | Received a gift from Okawaru
 12875 | Lair:1   | Killed an elephant
 13034 | Lair:1   | Noticed a five-headed hydra
 13080 | Lair:1   | Noticed an elephant
 13107 | Lair:1   | Killed a five-headed hydra
 13107 | Lair:1   | Reached skill level 14 in Maces & Flails
 13107 | Lair:1   | Reached XP level 12. HP: 23/128 MP: 14/14
 13357 | Lair:1   | Killed an elephant
 13820 | Lair:2   | Reached skill level 15 in Maces & Flails
 14551 | Lair:2   | Received a gift from Okawaru
 15723 | D:8      | Killed a purple ugly thing
 15804 | D:8      | Reached skill level 5 in Invocations
 16439 | D:9      | Found Fayhutou's Antique Weapon Shop.
 16453 | D:9      | Found Hebreeqo's Gadget Shop.
 16499 | D:9      | Found Zaoqucoh's Distillery.
 16590 | D:9      | Found Enorruil's Assorted Antiques.
 16606 | D:9      | Bought a leatherbound manual for 405 gold pieces
 16745 | D:9      | Found a staircase to the Orcish Mines.
 16840 | D:9      | Found Chemaxto's Food Shoppe.
 16882 | D:9      | Found a roughly hewn altar of Beogh.
 17689 | D:9      | Found a shattered altar of Ashenzari.
 17895 | Orc:1    | Entered Level 1 of the Orcish Mines
 18387 | Orc:1    | Noticed Snorg
 18398 | Orc:1    | Killed Snorg
 19815 | Orc:2    | Noticed zkyp's ghost (powerful CeFi)
 20130 | Orc:3    | Noticed an orc warlord
 20256 | D:9      | Bought a wand of teleportation (3) for 294 gold pieces
 20706 | Lair:3   | Quit the game

Action                   |  1- 3 |  4- 6 |  7- 9 | 10-12 || total
-------------------------+-------+-------+-------+-------++-------
Melee: Club              |   108 |   221 |    35 |       ||   364
       Short sword       |     3 |       |       |       ||     3
       Morningstar       |       |       |   265 |   244 ||   509
       Giant club        |       |       |       |   477 ||   477
       Giant spiked club |       |       |       |   156 ||   156
       Long sword        |       |       |       |    39 ||    39
 Fire: Blowgun           |       |     3 |    67 |    12 ||    82
Throw: Stone             |    32 |    60 |    74 |   132 ||   298
       Large rock        |       |    14 |    10 |    35 ||    59
       Tomahawk          |       |       |       |    45 ||    45
       Javelin           |       |       |       |    15 ||    15
       Throwing net      |       |       |       |     1 ||     1
Invok: Heroism           |       |       |       |     3 ||     3
       Finesse           |       |       |       |     2 ||     2
  Use: Scroll            |       |       |    12 |     6 ||    18
       Potion            |       |       |       |     3 ||     3
 Stab: Distracted        |     1 |       |     1 |     1 ||     3
       Sleeping          |       |       |     6 |     3 ||     9
  Eat: Chunk             |     2 |     7 |    15 |    36 ||    60
       Beef jerky        |       |       |     1 |     1 ||     2
